TOP OF THE 1ST |
Arizona Diamondbacks batting - Pitching for Pittsburgh Pirates : RHP Vince Scripp
|
Pitching: RHP Vince Scripp
|
|
Batting: LHB Eric Klasek
|
0-0: Reached on error, E2 (Groundball, 2R, EV 66.3 MPH)
|
Batting: RHB Andy Swaim
|
0-0: Ball 1-0: Grounds into double play, 4-6-3 (Groundball, 4, EV 86.3 MPH)
|
Batting: SHB Alec Thorpe
|
0-0: Ball 1-0: Swinging Strike 1-1: Ball 2-1: Ball 3-1: Called Strike 3-2: Base on Balls
|
Batting: LHB Danny Dunham
|
0-0: Ball 1-0: 2-RUN HOME RUN (Flyball, 9LD, EV 93.1 MPH), Distance : 346 ft
|
Batting: RHB David Price Jr.
|
0-0: Swinging Strike 0-1: Ball 1-1: Foul Ball, location: 2F 1-2: Foul Ball, location: 2F 1-2: Ground out 5-3 (Groundball, 5S, EV 80.6 MPH)
|
Top of the 1st over - 2 runs, 1 hit, 1 error, 0 left on base; Arizona 2 - Pittsburgh 0 |
BOTTOM OF THE 1ST |
Pittsburgh Pirates batting - Pitching for Arizona Diamondbacks : RHP Tong-myeon Moon
|
Pitching: RHP Tong-myeon Moon
|
|
Batting: LHB Pat Sutton
|
0-0: Called Strike 0-1: Called Strike 0-2: Foul Ball, location: 2F 0-2: Ball 1-2: SINGLE (Line Drive, 8LS, EV 100.0 MPH)
|
Batting: LHB Marc Carter
|
0-0: Called Strike 0-1: Grounds into double play, 6-4-3 (Groundball, 6, EV 81.9 MPH)
|
Batting: RHB Mike Thornton
|
0-0: Ball 1-0: Ground out 4-3 (Groundball, 4, EV 106.9 MPH)
|
Bottom of the 1st over - 0 runs, 1 hit, 0 errors, 0 left on base; Arizona 2 - Pittsburgh 0 |
TOP OF THE 2ND |
Arizona Diamondbacks batting - Pitching for Pittsburgh Pirates : RHP Vince Scripp
|
Batting: LHB Roy Steigerwald
|
0-0: SINGLE (Groundball, 5L, EV 104.4 MPH) (infield hit)
|
Batting: RHB Luis Villanueva
|
0-0: Ball Wild Pitch! Roy Steigerwald to second 1-0: Ball 2-0: Swinging Strike 2-1: Sac Bunt to 13S - play at third, runner OUT! 1-5
|
Batting: RHB Fabrice Bertin
|
0-0: Foul Ball, location: 2F 0-1: DOUBLE (Groundball, 5L, EV 103.1 MPH) Luis Villanueva to third
|
Batting: SHB Valentin Laporte
|
0-0: Ball 1-0: Called Strike 1-1: Ground out 6-3 (Groundball, 6, EV 109.4 MPH) Luis Villanueva scores
|
Batting: LHB Eric Klasek
|
0-0: Ball 1-0: SINGLE (Groundball, 56S, EV 77.5 MPH) (infield hit) Fabrice Bertin to third
|
Batting: RHB Andy Swaim
|
0-0: Foul Ball, location: 2F 0-1: Called Strike 0-2: Ball 1-2: Strikes out swinging
|
Top of the 2nd over - 1 run, 3 hits, 0 errors, 2 left on base; Arizona 3 - Pittsburgh 0 |
BOTTOM OF THE 2ND |
Pittsburgh Pirates batting - Pitching for Arizona Diamondbacks : RHP Tong-myeon Moon
|
Batting: RHB Mike Cochran
|
0-0: Ball 1-0: SINGLE (Groundball, 56D, EV 98.1 MPH)
|
Batting: RHB Pedro Nin
|
0-0: Ball 1-0: Foul Ball, location: 2F Pickoff Throw to First - Out! 1-3 1-1: Ball 2-1: Fly out, F9 (Flyball, 89S, EV 86.3 MPH)
|
Batting: RHB Kirk Seiffert
|
0-0: Ground out U3 (Groundball, 34S, EV 84.4 MPH)
|
Bottom of the 2nd over - 0 runs, 1 hit, 0 errors, 0 left on base; Arizona 3 - Pittsburgh 0 |
TOP OF THE 3RD |
Arizona Diamondbacks batting - Pitching for Pittsburgh Pirates : RHP Vince Scripp
|
Batting: SHB Alec Thorpe
|
0-0: Called Strike 0-1: Called Strike 0-2: Ball 1-2: Fly out, F7 (Flyball, 7LM, EV 103.1 MPH)
|
Batting: LHB Danny Dunham
|
0-0: Ball 1-0: Fly out, F6 (Popup, P, EV 82.5 MPH)
|
Batting: RHB David Price Jr.
|
0-0: Called Strike 0-1: Ball 1-1: Ball 2-1: Foul Ball, location: 2F 2-2: Ball 3-2: Foul Ball, location: 2F 3-2: Base on Balls
|
Batting: LHB Roy Steigerwald
|
0-0: Ball 1-0: Ball 2-0: Foul Ball, location: 2F 2-1: Called Strike 2-2: Foul Ball, location: 2F 2-2: Ball 3-2: 2-RUN HOME RUN (Flyball, 9D, EV 99.4 MPH), Distance : 367 ft
|
Batting: RHB Luis Villanueva
|
0-0: Ball 1-0: Ball 2-0: Ball 3-0: Called Strike 3-1: Called Strike 3-2: Base on Balls
|
Pitching: RHP Kody Mason
|
|
Batting: RHB Fabrice Bertin
|
0-0: Called Strike 0-1: Ball 1-1: Ground out 4-3 (Groundball, 34, EV 98.1 MPH)
|
Top of the 3rd over - 2 runs, 1 hit, 0 errors, 1 left on base; Arizona 5 - Pittsburgh 0 |
BOTTOM OF THE 3RD |
Pittsburgh Pirates batting - Pitching for Arizona Diamondbacks : RHP Tong-myeon Moon
|
Batting: RHB Toshimi Shishido
|
0-0: Called Strike 0-1: Foul Ball, location: 2F 0-2: Ball 1-2: Ground out U3 (Groundball, 3, EV 101.9 MPH)
|
Batting: RHB David Contreras
|
0-0: Foul Ball, location: 2F 0-1: Called Strike 0-2: Strikes out swinging
|
Batting: RHB Raul Mendoza
|
0-0: Ball 1-0: Foul Ball, location: 2F 1-1: Ball 2-1: Called Strike 2-2: Ball 3-2: Base on Balls
|
Batting: LHB Pat Sutton
|
0-0: Called Strike 0-1: Foul Ball, location: 2F 0-2: Foul Ball, location: 2F 0-2: Strikes out swinging
|
Bottom of the 3rd over - 0 runs, 0 hits, 0 errors, 1 left on base; Arizona 5 - Pittsburgh 0 |
TOP OF THE 4TH |
Arizona Diamondbacks batting - Pitching for Pittsburgh Pirates : RHP Kody Mason
|
Batting: SHB Valentin Laporte
|
0-0: Ball 1-0: Swinging Strike 1-1: Fly out, F8 (Flyball, 8LD, EV 89.4 MPH)
|
Batting: LHB Eric Klasek
|
0-0: Ball 1-0: Ball 2-0: Ball 3-0: Base on Balls
|
Batting: RHB Andy Swaim
|
0-0: Ball 1-0: Called Strike Eric Klasek steals 2nd base (no throw) 1-1: Foul Ball, location: 2F 1-2: Fly out, F8 (Flyball, 8RD, EV 103.8 MPH)
|
Batting: SHB Alec Thorpe
|
0-0: SINGLE (Line Drive, 6M, EV 100.0 MPH) Eric Klasek to third Runner from 3rd tries for Home, SAFE, throw by CF to home
|
Batting: LHB Danny Dunham
|
0-0: Ball 1-0: Fly out, F8 (Flyball, 78D, EV 89.4 MPH)
|
Top of the 4th over - 1 run, 1 hit, 0 errors, 1 left on base; Arizona 6 - Pittsburgh 0 |
BOTTOM OF THE 4TH |
Pittsburgh Pirates batting - Pitching for Arizona Diamondbacks : RHP Tong-myeon Moon
|
Batting: LHB Marc Carter
|
0-0: Ball 1-0: Called Strike 1-1: Ball 2-1: Foul Ball, location: 2F 2-2: Strikes out looking
|
Batting: RHB Mike Thornton
|
0-0: Called Strike 0-1: Ball 1-1: Swinging Strike 1-2: Strikes out swinging
|
Batting: RHB Mike Cochran
|
0-0: Ball 1-0: Called Strike 1-1: Foul Ball, location: 2F 1-2: Ground out 4-3 (Groundball, 4, EV 106.3 MPH)
|
Bottom of the 4th over - 0 runs, 0 hits, 0 errors, 0 left on base; Arizona 6 - Pittsburgh 0 |
TOP OF THE 5TH |
Arizona Diamondbacks batting - Pitching for Pittsburgh Pirates : RHP Kody Mason
|
Batting: RHB David Price Jr.
|
0-0: DOUBLE (Flyball, 89XD, EV 88.8 MPH)
|
Batting: LHB Roy Steigerwald
|
0-0: Called Strike 0-1: Swinging Strike 0-2: Strikes out swinging
|
Batting: RHB Luis Villanueva
|
0-0: Ball David Price Jr. is caught stealing 3rd base 2-5 1-0: Fly out, F7 (Flyball, 7S, EV 90.0 MPH)
|
Top of the 5th over - 0 runs, 1 hit, 0 errors, 0 left on base; Arizona 6 - Pittsburgh 0 |
BOTTOM OF THE 5TH |
Pittsburgh Pirates batting - Pitching for Arizona Diamondbacks : RHP Tong-myeon Moon
|
Pitching: RHP Aaron Munt
|
|
Batting: RHB Pedro Nin
|
0-0: Ball 1-0: Ball 2-0: Ball 3-0: Called Strike 3-1: Base on Balls
|
Batting: RHB Kirk Seiffert
|
0-0: Swinging Strike 0-1: Ball 1-1: Ball 2-1: Foul Ball, location: 2F 2-2: Foul Ball, location: 2F 2-2: Foul Ball, location: 2F 2-2: Grounds into double play, 4-6-3 (Groundball, 34, EV 104.4 MPH)
|
Batting: RHB Toshimi Shishido
|
0-0: Ball 1-0: DOUBLE (Line Drive, 9LS, EV 106.9 MPH)
|
Batting: RHB David Contreras
|
0-0: Ball 1-0: Ball 2-0: Called Strike 2-1: Foul Ball, location: 2F 2-2: Ball 3-2: Foul Ball, location: 2F 3-2: Foul Ball, location: 2F 3-2: Strikes out swinging
|
Bottom of the 5th over - 0 runs, 1 hit, 0 errors, 1 left on base; Arizona 6 - Pittsburgh 0 |
TOP OF THE 6TH |
Arizona Diamondbacks batting - Pitching for Pittsburgh Pirates : RHP Kody Mason
|
Batting: RHB Fabrice Bertin
|
0-0: Called Strike 0-1: Ball 1-1: Swinging Strike 1-2: Strikes out swinging
|
Batting: SHB Valentin Laporte
|
0-0: Called Strike 0-1: Ball 1-1: Called Strike 1-2: Ground out 5-3 (Groundball, 56S, EV 55.6 MPH)
|
Batting: LHB Eric Klasek
|
0-0: SOLO HOME RUN (Line Drive, 89XD, EV 104.4 MPH), Distance : 418 ft
|
Pinch Hitting: RHB Micah Christopher
|
0-0: Swinging Strike 0-1: Ball 1-1: Called Strike 1-2: Strikes out swinging
|
Top of the 6th over - 1 run, 1 hit, 0 errors, 0 left on base; Arizona 7 - Pittsburgh 0 |
BOTTOM OF THE 6TH |
Pittsburgh Pirates batting - Pitching for Arizona Diamondbacks : RHP Aaron Munt
|
Now at 2B: Micah Christopher
|
|
Batting: RHB Raul Mendoza
|
0-0: Called Strike 0-1: Ball 1-1: DOUBLE (Line Drive, 89XD, EV 95.6 MPH)
|
Batting: LHB Pat Sutton
|
0-0: Ball 1-0: Swinging Strike 1-1: Ball 2-1: 2-RUN HOME RUN (Flyball, 89XD, EV 111.3 MPH), Distance : 428 ft
|
Batting: LHB Marc Carter
|
0-0: Called Strike 0-1: Ground out U3 (Groundball, 3, EV 108.1 MPH)
|
Batting: RHB Mike Thornton
|
0-0: Called Strike 0-1: Ball 1-1: Ball 2-1: Called Strike 2-2: Foul Ball, location: 2F 2-2: SINGLE (Flyball, 4MD, EV 93.1 MPH)
|
Batting: RHB Mike Cochran
|
0-0: Called Strike 0-1: DOUBLE (Line Drive, 9LM, EV 113.8 MPH) Mike Thornton to third Runner from 3rd tries for Home, SAFE, throw by RF to trailing runner, SAFE at third!
|
Pitching: RHP Larry Mathieu
|
|
Batting: RHB Pedro Nin
|
0-0: Swinging Strike 0-1: Fly out, F9 (Flyball, 9S, EV 86.3 MPH)
|
Batting: RHB Kirk Seiffert
|
0-0: Swinging Strike 0-1: Ball 1-1: Ball 2-1: Swinging Strike 2-2: Strikes out looking
|
Bottom of the 6th over - 3 runs, 4 hits, 0 errors, 1 left on base; Arizona 7 - Pittsburgh 3 |
TOP OF THE 7TH |
Arizona Diamondbacks batting - Pitching for Pittsburgh Pirates : RHP Kody Mason
|
Pitching: RHP Ryan Sunday
|
|
Pinch Hitting: RHB Jon Solano
|
0-0: Ball 1-0: Foul Ball, location: 2F 1-1: Ball 2-1: Swinging Strike 2-2: Ball 3-2: Foul Ball, location: 2F 3-2: Foul Ball, location: 2F 3-2: Fly out, F9 (Flyball, 89M, EV 85.6 MPH)
|
Pinch Hitting: RHB Mario Soto
|
0-0: Foul Ball, location: 2F 0-1: Called Strike 0-2: Foul Ball, location: 2F 0-2: Strikes out swinging
|
Pinch Hitting: LHB Kyle Beaulieu
|
0-0: Foul Ball, location: 2F 0-1: Ball 1-1: Ball 2-1: Foul Ball, location: 2F 2-2: Strikes out swinging
|
Top of the 7th over - 0 runs, 0 hits, 0 errors, 0 left on base; Arizona 7 - Pittsburgh 3 |
BOTTOM OF THE 7TH |
Pittsburgh Pirates batting - Pitching for Arizona Diamondbacks : RHP Larry Mathieu
|
Now at 1B: Israel Gaona
|
|
Now at 3B: Kyle Beaulieu
|
|
Now at SS: Jon Solano
|
|
Now in LF: Eric Klasek
|
|
Now in CF: Joe Smack
|
|
Now in RF: Fabrice Bertin
|
|
Batting: RHB Toshimi Shishido
|
0-0: Foul Ball, location: 2F 0-1: Ground out 6-3 (Groundball, 6, EV 103.8 MPH)
|
Pinch Hitting: LHB Theodore Conboy
|
0-0: Ball 1-0: DOUBLE (Line Drive, 7LS, EV 107.5 MPH)
|
Batting: RHB Raul Mendoza
|
0-0: Called Strike 0-1: Ball 1-1: SINGLE (Groundball, 56D, EV 96.3 MPH) Theodore Conboy to third Runner from 3rd tries for Home, SAFE, throw by LF to home
|
Pinch Hitting: RHB Steve Jordan
|
0-0: Ball 1-0: Fielders Choice at 2nd, 6-4 (Groundball, 6, EV 79.4 MPH)
|
Pinch Hitting: SHB Marvin McAleer
|
0-0: Ball Steve Jordan steals 2nd base 1-0: Ball Wild Pitch! Steve Jordan to third 2-0: Ball 3-0: Called Strike 3-1: Base on Balls
|
Batting: RHB Eisse Bravenboer
|
0-0: Called Strike Marvin McAleer steals 2nd base 0-1: Called Strike 0-2: Ball 1-2: Strikes out swinging
|
Bottom of the 7th over - 1 run, 2 hits, 0 errors, 2 left on base; Arizona 7 - Pittsburgh 4 |
TOP OF THE 8TH |
Arizona Diamondbacks batting - Pitching for Pittsburgh Pirates : RHP Ryan Sunday
|
Now at SS: Steve Jordan
|
|
Now in LF: Theodore Conboy
|
|
Now in CF: Marvin McAleer
|
|
Batting: RHB Joe Smack
|
0-0: Ball 1-0: SINGLE (Groundball, 56S, EV 70.6 MPH) (infield hit)
|
Batting: RHB Luis Villanueva
|
0-0: Ball Joe Smack is caught stealing 2nd base 2-4 1-0: Foul Ball, location: 2F 1-1: Foul Ball, location: 2F 1-2: Ball 2-2: Ball 3-2: Foul Ball, location: 2F 3-2: Ground out 4-3 (Groundball, 4M, EV 101.9 MPH)
|
Pitching: RHP Travis Feind
|
|
Pinch Hitting: RHB Blake Ballard
|
0-0: Fly out, F9 (Flyball, 9D, EV 86.3 MPH)
|
Top of the 8th over - 0 runs, 1 hit, 0 errors, 0 left on base; Arizona 7 - Pittsburgh 4 |
BOTTOM OF THE 8TH |
Pittsburgh Pirates batting - Pitching for Arizona Diamondbacks : RHP Larry Mathieu
|
Pitching: RHP Raul Sanchez
|
|
Now in RF: Blake Ballard
|
|
Pinch Hitting: RHB Mike Bates
|
0-0: Called Strike 0-1: Foul Ball, location: 2F 0-2: Ball 1-2: Strikes out swinging
|
Pinch Hitting: RHB Andrew Robinson
|
0-0: Swinging Strike 0-1: Swinging Strike 0-2: Ball 1-2: Strikes out swinging
|
Pinch Hitting: RHB Tommie Eaton
|
0-0: Called Strike 0-1: Ball 1-1: Ball 2-1: Ground out 5-3 (Groundball, 56, EV 85.6 MPH)
|
Bottom of the 8th over - 0 runs, 0 hits, 0 errors, 0 left on base; Arizona 7 - Pittsburgh 4 |
TOP OF THE 9TH |
Arizona Diamondbacks batting - Pitching for Pittsburgh Pirates : RHP Travis Feind
|
Now at 1B: Mike Bates
|
|
Now at 2B: Andrew Robinson
|
|
Now at 3B: Tommie Eaton
|
|
Batting: RHB Katilimomi Kelekolio
|
0-0: Ball 1-0: Called Strike 1-1: Ball 2-1: Swinging Strike 2-2: Fly out, F6 (Line Drive, 6, EV 69.4 MPH)
|
Pinch Hitting: SHB Troy McClure
|
0-0: SINGLE (Flyball, 9S, EV 94.4 MPH)
|
Batting: RHB Micah Christopher
|
0-0: Called Strike 0-1: Ball 1-1: Ball 2-1: Foul Ball, location: 2F 2-2: Ball Troy McClure steals 2nd base 3-2: SINGLE (Groundball, 34D, EV 105.0 MPH) Troy McClure to third
|
Batting: RHB Jon Solano
|
0-0: Ball 1-0: Fly out, F7 (Flyball, 7LS, EV 86.3 MPH)
|
Batting: RHB Israel Gaona
|
0-0: Called Strike 0-1: Foul Ball, location: 2F 0-2: Foul Ball, location: 2F 0-2: Foul Ball, location: 2F 0-2: Strikes out looking
|
Top of the 9th over - 0 runs, 2 hits, 0 errors, 2 left on base; Arizona 7 - Pittsburgh 4 |
BOTTOM OF THE 9TH |
Pittsburgh Pirates batting - Pitching for Arizona Diamondbacks : RHP Raul Sanchez
|
Pitching: RHP Andrew Coker
|
|
Now in LF: Troy McClure
|
|
Pinch Hitting: RHB Lupe Covarrubias
|
0-0: Called Strike 0-1: Ball 1-1: DOUBLE (Line Drive, 7LM, EV 94.4 MPH)
|
Batting: LHB Theodore Conboy
|
0-0: Called Strike 0-1: Foul Ball, location: 2F 0-2: Ball 1-2: Fly out, F8 (Line Drive, 8RM, EV 93.8 MPH)
|
Batting: RHB Raul Mendoza
|
0-0: Fly out, F5 (Line Drive, 5, EV 76.3 MPH)
|
Batting: RHB Steve Jordan
|
0-0: Called Strike 0-1: TRIPLE (Line Drive, 9LD, EV 103.1 MPH) Lupe Covarrubias scores
|
Batting: SHB Marvin McAleer
|
0-0: SINGLE (Line Drive, 9S, EV 93.8 MPH) Steve Jordan scores
|
Batting: RHB Eisse Bravenboer
|
0-0: Fly out, F8 (Flyball, 89D, EV 87.5 MPH)
|
Bottom of the 9th over - 2 runs, 3 hits, 0 errors, 1 left on base; Arizona 7 - Pittsburgh 6 |
|